 Dungeon Crawl Stone Soup version 0.16-a0-1029-gdfc7942 (webtiles) character file.

93 MackTheKnife the Vexing (level 4, 0/25 HPs)
             Began as a Kobold Arcane Marksman on Oct 4, 2014.
             Slain by an ogre
             ... wielding a +0 giant club
              (24 damage)
             ... on level 3 of the Dungeon.
             The game lasted 00:06:36 (2580 turns).

MackTheKnife the Vexing (Kobold Arcane Marksman)    Turns: 2580, Time: 00:06:36

HP   0/25        AC  4     Str  9      XL: 4   Next: 92%
MP   2/5         EV 13     Int 12      God:
Gold 84          SH  0     Dex 15      Spells:  2 memorised,  2 levels left

rFire  . . .     SeeInvis .     b - +1 hand crossbow
rCold  . . .     Clarity  .     v - +1 leather armour
rNeg   . . .     rCorr    .     (no shield)
rPois  .         rRot     .     (no helmet)
rElec  .         Spirit   .     (no cloak)
SustAb +         Warding  .     (no gloves)
rMut   .         Stasis   .     (no boots)
Gourm  .                        (no amulet)
MR     .....                    (no ring)
                                k - ring of sustain abilities

@: not resistant to hostile enchantments, unstealthy
A: carnivore 3
a: no special abilities


You were on level 3 of the Dungeon.
You were not hungry.

You visited 1 branch of the dungeon, and saw 3 of its levels.

You collected 84 gold pieces.


Innate Abilities, Weirdness & Mutations

You are small and have problems with some larger weapons.
You are carnivorous and can eat meat at any time.


   Skills:
 - Level 1.1 Fighting
 - Level 3.5 Crossbows
 + Level 3.3 Dodging
 - Level 2.3 Stealth
 - Level 1.0 Spellcasting
 - Level 3.8 Hexes


You had 2 spell levels left.
You knew the following spells:

 Your Spells              Type           Power        Failure   Level  Hunger
x - Slow                  Hex            #.......     12%         2    ###....
z - Corona                Hex            #......      8%          1    ##.....

Inventory:

Hand weapons
 a - a +0 short sword
 b - a +1 hand crossbow (weapon)
Missiles
 c - 35 bolts (quivered)
Armour
 v - a +1 leather armour (worn)
Comestibles
 f - 2 meat rations
 u - a royal jelly
Scrolls
 e - 2 scrolls of identify
 j - 2 scrolls of magic mapping
 o - a scroll of remove curse
Jewellery
 k - a ring of sustain abilities (left hand)
Potions
 h - 2 potions of cure mutation {unknown}
 l - a potion of restore abilities {unknown}
 m - 3 potions of heal wounds {unknown}
 q - a potion of confusion {unknown}
 r - 2 potions of curing {unknown}
Books
 d - a book of Debilitation

   Spells                             Type                      Level
   *Corona                            Hexes                        1
   *Slow                              Hexes                        2
   Inner Flame                        Hexes/Fire                   3
   Enslavement                        Hexes                        4
   Cause Fear                         Hexes                        4
   Leda's Liquefaction                Hexes/Earth                  4

▒▒▒ ▒▒·▒▒▒▒▒▒▒▒ ▒▒·▒·······▒
░▒▒▒▒▒▒▒▒▒▒▒▒▒▒▒▒▒▒▒····[▒▒▒▒·▒
·············<·%··▒▒·▒▒▒·▒
▒·▒▒▒ ░░░░▒▒▒·········K····▒
▒▒▒░▒▒····
▒·▒▒▒▒▒▒▒▒▒O▒▒·▒░░◦◦◦▒···▒▒
▒▒·▒▒ ▒g▒▒···░◦◦◦▒▒···· ▒···▒
▒(▒▒▒▒r▒◦◦◦░▒▒▒▒▒ ▒▒▒▒▒▒···▒
▒g▒▒▒▒·▒▒'▒▒░░ ▒········▒
▒··)gg······◦░ ▒·▒▒▒▒▒·▒▒
▒··▒▒▒·▒▒▒▒▒◦░ ░◦░ ▒·▒ ▒··▒◦◦◦░
░◦░ ░◦░ ▒·▒▒▒▒▒▒▒▒▒··▒◦░░░ ░◦░


You could see an ogre and 2 goblins.


Message History

You barely miss the ogre. The ogre barely misses you.
Aiming: Slow
Aim: an ogre, wielding a giant club The ogre resists.
Aiming: Slow
Aim: an ogre, wielding a giant club The ogre seems to slow down.
The ogre completely misses you.
Unknown command.
Wield which item (- for none, * to show all)? (? for menu, Esc to quit)
b - a +1 hand crossbow (weapon)
Things that are here:
a dagger; a goblin corpse; a goblin corpse
Things that are here:
a dagger; a club Firing (i - inventory):
c - 38 bolts (quivered)
Aim: an ogre, wielding a giant club (slow)
You shoot a bolt. The bolt hits the ogre.
The ogre is moderately wounded.
Firing (i - inventory):
c - 37 bolts (quivered)
Aim: an ogre, wielding a giant club (moderately wounded, slow)
You shoot a bolt. The bolt hits the ogre.
The ogre is heavily wounded.
Firing (i - inventory):
c - 36 bolts (quivered)
Aim: an ogre, wielding a giant club (moderately wounded, slow)
You shoot a bolt.
The bolt hits the ogre but does no damage.
The ogre is moderately wounded.
The ogre hits you with a giant club!!
Ouch! That really hurt!
You die...

Action                   |  1- 3 |  4- 6 || total
-------------------------+-------+-------++-------
Melee: Unarmed           |    19 |       ||    19
       Short sword       |    87 |    56 ||   143
 Fire: Hand crossbow     |    16 |    36 ||    52
 Cast: Slow              |     2 |     3 ||     5
  Use: Scroll            |     2 |     7 ||     9
 Stab: Sleeping          |     2 |     1 ||     3
  Eat: Chunk             |     4 |     3 ||     7

Vault maps used:
D:1:      dpeg_arrival_pits, serial_co_window_serial, co_window_paths_a,
          co_window_corner_a, co_window_cross_1, co_window_paths_b,
          co_window_paths_b, co_window_of_opportunity_b, co_window_paths_c,
          co_window_broadway_c, co_window_cross_3, co_window_corner_b,
          glass_columns_b, glass_columns_b, glass_columns_a, st_stairs_11
D:2:      grunt_temple_overflow_diamond, kennysheep_generic_room_16
D:3:      minmay_ogre_servants

Notes
Turn   | Place    | Note
--------------------------------------------------------------
     0 | D:1      | MackTheKnife, the Kobold Arcane Marksman, began the quest for the Orb.
     0 | D:1      | Reached XP level 1. HP: 12/12 MP: 2/2
   283 | D:1      | Reached XP level 2. HP: 16/16 MP: 3/3
   494 | D:1      | Reached skill level 3 in Crossbows
   610 | D:1      | Reached XP level 3. HP: 16/20 MP: 4/4
   668 | D:1      | Learned a level 2 spell: Slow
  1598 | D:2      | Reached skill level 1 in Stealth
  1598 | D:2      | Reached XP level 4. HP: 25/25 MP: 2/5
  1811 | D:2      | Reached skill level 2 in Stealth
  2032 | D:2      | Found a deep blue altar of Sif Muna.
  2035 | D:2      | Found an ancient bone altar of Kikubaaqudgha.
  2038 | D:2      | Found a glowing silver altar of Zin.
  2259 | D:2      | Reached skill level 3 in Dodging
  2565 | D:3      | Noticed an ogre
  2580 | D:3      | Slain by an ogre

Vanquished Creatures
  A giant mite (D:1)
  3 adders (D:2)
  A worm (D:2)
  An ooze (D:2)
  5 bats
  3 giant cockroaches (D:1)
  13 goblins
  6 hobgoblins
  A quokka (D:2)
  2 giant newts
  7 kobolds
  12 rats
55 creatures vanquished.
